 Dungeon Crawl Stone Soup version 0.26-a0-665-gefeb406119 (webtiles) character file.

Game seed: 2332058973925422845

3416 demenzo the Grappler (level 9, -3/89 HPs)
             Began as a Troll Delver on Oct 13, 2020.
             Was an Elder of Okawaru.
             Slain by an ogre
             ... wielding a +0 giant club
              (25 damage)
             ... on level 8 of the Dungeon.
             The game lasted 00:20:04 (8664 turns).

demenzo the Grappler (Troll Delver)                 Turns: 8664, Time: 00:20:04

Health: -3/89      AC:  7    Str: 25      XL:     9   Next: 76%
Magic:  11/11      EV: 11    Int:  6      God:    Okawaru [****..]
Gold:   583        SH:  0    Dex:  8 (11) Spells: 8/8 levels left

rFire    . . .     SeeInvis .     - Unarmed
rCold    + . .     Faith    .   (no shield)
rNeg     . . .     Spirit   .   a - +0 robe
rPois    .         Reflect  .   (helmet restricted)
rElec    .         Harm     .   G - +0 cloak
rCorr    .         Rampage  .   (gloves unavailable)
MR       .....                  (boots unavailable)
Stlth    ++........             v - amulet of regeneration
HPRegen  1.04/turn              s - ring of protection from cold
MPRegen  0.12/turn              H - ring of flight

@: lethally poisoned (-3 -> -4)
A: large, unfitting armour, claws 3, regeneration 1, shaggy fur 1, tough skin 3
a: Heroism, Renounce Religion, Evoke Flight


You were on level 8 of the Dungeon.
You worshipped Okawaru.
Okawaru was greatly pleased with you.
You visited 2 branches of the dungeon, and saw 10 of its levels.
You also visited: Sewer.

You collected 583 gold pieces.

Inventory:

Hand Weapons
 C - a +0 hunting sling
Missiles
 g - 219 stones (quivered)
 l - 19 bolts
 r - 7 javelins
 u - 61 poisoned darts
 A - 7 curare-tipped darts
 F - 4 datura-tipped darts
 J - 25 sling bullets
 O - a throwing net
Armour
 a - a +0 robe (worn)
 G - a +0 cloak (worn)
Jewellery
 s - a ring of protection from cold (left claw)
 v - an amulet of regeneration (around neck)
 E - an uncursed ring of fire
 H - a ring of flight (right claw)
Wands
 f - a wand of digging (6)
 h - a wand of paralysis (15)
 p - a wand of flame (37)
 t - a wand of enslavement (12)
Scrolls
 b - 4 scrolls of fog
 c - 5 scrolls of identify
 d - a scroll of fear
 m - 6 scrolls of remove curse
 n - a scroll of enchant armour {unknown}
 q - a scroll of teleportation
 y - 2 scrolls of magic mapping
 D - a scroll of amnesia
 I - a scroll of noise {unknown}
 L - a scroll of random uselessness {unknown}
 M - a scroll of blinking {unknown}
 N - 2 scrolls of vulnerability {unknown}
Potions
 e - 2 potions of haste
 i - 9 potions of curing
 j - 4 potions of flight
 k - 4 potions of heal wounds
 o - 3 potions of stabbing
 w - 3 potions of degeneration
 x - a potion of lignification {unknown}
 z - a potion of magic
 B - a potion of brilliance
 K - 2 potions of cancellation
 P - a potion of might
 Q - a potion of berserk rage {unknown}


   Skills:
 + Level 5.8 Fighting
 + Level 5.4 Dodging
 - Level 2.7 Stealth
 * Level 9.2 Unarmed Combat
 + Level 5.2 Invocations


You had 8 spell levels left.
You didn't know any spells.
Your spell library was empty.

Dungeon Overview and Level Annotations

Branches:
Dungeon (9/15)             Temple (1/1) D:5             Orc (0/2) D:9
  Sewer (visited)
   Lair: D:8-11

Altars:
Ashenzari
Cheibriados
Dithmenos
Elyvilon
Fedhas
Gozag
Hepliaklqana
Kikubaaqudgha
Makhleb
Nemelex Xobeh
Okawaru
Qazlal
Ru
Sif Muna
Trog
Uskayaw
Vehumet
Wu Jian
Xom
Yredelemnul
Zin
The Shining One

Shops:
D:6 (

Annotations:
D:7 3 runed translucent doors, ringo67's ghost, novice OgFi


Innate Abilities, Weirdness & Mutations

You are too large for most types of armour.
You have claws for hands.
Your natural rate of healing is unusually fast.
You are covered in fur. (AC +1)
You have extremely tough skin. (AC +3)


Message History

You mangle the orc!!
You kill the orc!
Okawaru accepts your kill.
You feel sick.
You feel sick. The ogre completely misses you.
Things that are here:
a +0 club; an orc corpse You feel sick.
The ogre hits you with a +0 giant club!!
You completely miss the ogre.
You feel sick.
The ogre hits you with a +0 giant club!!
* * * LOW HITPOINT WARNING * * *
You claw the ogre!
The ogre is heavily wounded.
You feel sick.
You scratch the ogre.
The ogre is severely wounded.
You feel sick.
The ogre hits you with a +0 giant club!!
You die...

#<#.#.##.....#
#.#.#.#...##.#
###.#...#.#....##
#................
#.#.......#<#...#
###.#.......#.#...#
#...........#.#...#
#.#)#.......#.....#
#.@O'..............
#####.)....##.#####
#...#......##....#
#.#.#..[...#####.#
#.#.#.###### #.##
#.#...##########...
#.####.........###'
#...##.............
###.##.............


You could see an ogre.

Vanquished Creatures
  Harold (D:7)
  Prince Ribbit (D:6)
  Duvessa (D:6)
  A black bear (D:7)
  An ice beast (D:7)
  A sky beast (D:5)
  2 ogres
  2 centaurs
  A bullfrog (D:6)
  2 big kobolds
  Dowan (D:6)
  A scorpion (D:7)
  5 jellies (D:5)
  A water moccasin skeleton (D:8)
  10 killer bees
  5 howler monkeys
  A quasit (D:8)
  A hound (D:6)
  3 orc priests
  A centaur skeleton (D:3)
  Natasha (thrice) (D:2)
  2 worker ants
  4 orc wizards
  2 hound skeletons
  6 adders
  An ufetubus (D:7)
  An adder skeleton (D:5)
  A worm (D:3)
  14 dart slugs
  4 leopard geckos
  28 orcs
  3 ball pythons
  5 giant cockroaches
  10 goblins
  7 hobgoblins
  11 jackals
  A quokka (D:8)
  5 bats
  2 frilled lizards
  14 kobolds
  14 rats
  A bush (D:5)
181 creatures vanquished.

Vanquished Creatures (collateral kills)
  A kobold (D:7)
1 creature vanquished.

Vanquished Creatures (others)
  A worker ant (D:7)
1 creature vanquished.

Grand Total: 183 creatures vanquished

Notes
Turn   | Place    | Note
-------+----------+-------------------------------------------
     0 | D:5      | demenzo the Troll Delver began the quest for the Orb.
     0 | D:5      | Reached XP level 1. HP: 22/22 MP: 0/0
    65 | D:6      | Found a glowing drain.
    67 | D:6      | Reached XP level 2. HP: 29/29 MP: 1/1
    76 | Sewer    | Entered a sewer
   171 | Sewer    | Noticed a big kobold
   187 | Sewer    | Killed a big kobold
   187 | Sewer    | Reached skill level 3 in Unarmed Combat
   187 | Sewer    | Reached XP level 3. HP: 34/36 MP: 2/2
   187 | Sewer    | Reached XP level 4. HP: 41/44 MP: 3/3
   229 | Sewer    | Found a white marble altar of Elyvilon.
   340 | D:5      | Found a blossoming altar of Fedhas.
   340 | D:5      | Noticed a centaur
   441 | D:5      | Noticed a sky beast
   510 | D:5      | Found a staircase to the Ecumenical Temple.
   522 | Temple   | Entered the Ecumenical Temple
   727 | Temple   | Became a worshipper of Warmaster Okawaru
  1284 | D:3      | Reached XP level 5. HP: 48/53 MP: 4/4
  1374 | D:2      | Reached skill level 4 in Unarmed Combat
  1456 | D:2      | Reached skill level 1 in Invocations
  2519 | D:2      | Found a hide-covered altar of Uskayaw.
  2642 | D:2      | Noticed Natasha
  2648 | D:2      | Killed Natasha
  2648 | D:2      | Reached XP level 6. HP: 56/61 MP: 4/6
  3176 | D:2      | Noticed Natasha
  3191 | D:2      | Killed Natasha
  3357 | D:2      | Noticed Natasha
  3358 | D:2      | Found a hide-covered altar of Uskayaw.
  3363 | D:2      | Killed Natasha
  5004 | D:4      | Reached skill level 5 in Unarmed Combat
  5343 | D:5      | Reached * piety under Okawaru
  5653 | D:5      | Killed a sky beast
  5653 | D:5      | Reached XP level 7. HP: 65/68 MP: 7/7
  5877 | D:5      | Reached skill level 6 in Unarmed Combat
  5954 | D:6      | Noticed Prince Ribbit
  5968 | D:6      | Killed Prince Ribbit
  5968 | D:6      | Reached ** piety under Okawaru
  5968 | D:6      | Reached XP level 8. HP: 46/79 MP: 9/9
  6054 | D:6      | Found Vual's Weapon Boutique.
  6192 | D:6      | Reached skill level 7 in Unarmed Combat
  6241 | D:6      | Found a glowing silver altar of Zin.
  6241 | D:6      | Found a snail-covered altar of Cheibriados.
  6903 | D:7      | Noticed Duvessa
  6903 | D:7      | Noticed Dowan
  6914 | D:6      | Killed Duvessa
  6917 | D:6      | Killed Dowan
  7308 | D:7      | Reached *** piety under Okawaru
  7308 | D:7      | Reached skill level 5 in Fighting
  7345 | D:7      | Reached XP level 9. HP: 45/88 MP: 8/11
  7435 | D:7      | Reached skill level 8 in Unarmed Combat
  7492 | D:7      | Noticed Harold
  7584 | D:7      | Killed Harold
  7584 | D:7      | Reached **** piety under Okawaru
  7584 | D:7      | Reached skill level 5 in Dodging
  7584 | D:7      | Reached skill level 9 in Unarmed Combat
  7584 | D:7      | Reached skill level 5 in Invocations
  7768 | D:7      | Found a runed translucent gate.
  7768 | D:7      | Found a runed translucent gate.
  7769 | D:7      | Found a runed translucent gate.
  7980 | D:7      | Noticed ringo67's ghost (novice OgFi)
  8126 | D:8      | Found a burning altar of Makhleb.
  8128 | D:8      | Found an ancient bone altar of Kikubaaqudgha.
  8155 | D:8      | Found a glowing golden altar of the Shining One.
  8638 | D:9      | Found a staircase to the Orcish Mines.
  8664 | D:8      | Slain by an ogre

Illustrated notes

Levels and vault maps discovered:
D:1:      minmay_arrival_four_circles, layout_loops_ring,
          minmay_misc_feat_more_columns
D:2:      layout_loops_ring, old_standard_altar, serial_co_window_serial,
          co_window_paths_a, co_window_paths_a, co_window_paths_a,
          co_window_paths_b, co_window_paths_b, co_window_of_opportunity_b,
          co_window_2corner, co_window_paths_c, co_window_of_opportunity_b,
          co_window_broadway_c, co_window_unsneaky_path_a, co_window_2corner,
          glass_columns_a, glass_columns_a, glass_columns_a, glass_columns_a,
          uniq_natasha
D:3:      layout_basic, kennysheep_nondescript
D:4:      kennysheep_slugbush, layout_gridville, kennysheep_small_circle
D:5:      layout_basic, fedhas_bush_and_centaur_altar,
          minmay_temple_entry_poolview, eino_small_chamber_without_monster
D:6:      layout_cave_pools, gammafunk_temple_overflow_wave, serial_shops,
          kennysheep_mini_moat, portal_sewer_entry_e, uniq_prince_ribbit1
D:7:      layout_rooms, gammafunk_ghost_icy, uniq_duvessa, uniq_harold
D:8:      layout_basic, grunt_temple_overflow_open
D:9:      layout_roguey, lair_entry_dummy, david_orc_2, serial_shops,
          kennysheep_mini
Temple:   regret_index_temple_generic_petals

Skill      XL: |  1  2  3  4  5  6  7  8  9 |
---------------+----------------------------+-----
Dodging        | 2 3 4 5 |  5.4
Unarmed Combat | 3 4 5 6 7 9 |  9.2
Fighting       | 3 4 5 |  5.8
Invocations    | 1 2 3 4 5 |  5.2
Stealth        | |  2.7

Action                   |  1- 3 |  4- 6 |  7- 9 || total
-------------------------+-------+-------+-------++-------
Melee: Unarmed           |    35 |   270 |   239 ||   544
       Punch             |       |     4 |     7 ||    11
Throw: Stone             |       |     1 |    10 ||    11
Invok: Heroism           |       |       |     6 ||     6
Evoke: Wand              |       |       |     3 ||     3
  Use: Scroll            |     1 |       |    14 ||    15
       Potion            |       |       |     2 ||     2
 Stab: Sleeping          |     1 |     5 |     2 ||     8
Armor: Robe              |    15 |    83 |   106 ||   204
Dodge: Dodged            |    13 |   135 |   242 ||   390

Table legend: (Time is in decaauts)
 A = Elapsed time spent in this place.
 B = Non-inter-level travel time spent in this place.
 C = Inter-level travel time spent in this place.
 D = Time resting spent in this place.
 E = Time spent auto-exploring this place.
 F = Levels seen in this place.
 G = Mean time per level.
                   A        B        C        D        E       F      G
               +--------+--------+--------+--------+--------+-----+--------+
         Total |   8666 |   8138 |    528 |   1061 |   5057 |  11 |  787.8 |
       Dungeon |   8209 |   7705 |    504 |   1047 |   4785 |   9 |  912.1 |
        Temple |    230 |    206 |     24 |      0 |    190 |   1 |  230.0 |
         Sewer |    227 |    227 |      0 |     14 |     82 |   1 |  227.0 |
               +--------+--------+--------+--------+--------+-----+--------+

Top non-repeatable levels by time:
     D:2: 2096 daAuts
     D:6: 1369 daAuts
     D:5: 960 daAuts
     D:3: 945 daAuts
     D:7: 795 daAuts
     D:4: 766 daAuts
     D:1: 651 daAuts
     D:8: 598 daAuts
  Temple: 230 daAuts
   Sewer: 227 daAuts
     D:9: 24 daAuts
